 Dungeon Crawl Stone Soup version 0.25.0-11-g1f837a76a1 (webtiles) character file.

Game seed: 17611290435826533350

3340 xccam the Cruncher (level 10, -6/77 HPs)
             Began as a Gnoll Wanderer on June 25, 2020.
             Impaled on a porcupine's spines (12 damage)
             ... on level 8 of the Dungeon.
             The game lasted 00:14:08 (9559 turns).

xccam the Cruncher (Gnoll Wanderer)                 Turns: 9559, Time: 00:14:08

Health: -6/77      AC: 13    Str: 18    XL:     10   Next: 2%
Magic:  17/17      EV: 12    Int: 13    God:
Gold:   428        SH:  5    Dex: 16    Spells: 17/18 levels left

rFire    . . .     SeeInvis .   a - +3 quarterstaff
rCold    + . .     Gourm    .   (shield currently unavailable)
rNeg     . . .     Faith    .   w - +0 scale mail
rPois    .         Spirit   .   e - +0 helmet
rElec    .         Reflect  +   I - +2 cloak
rCorr    .         Harm     .   D - +0 pair of gloves
MR       .....                  (no boots)
Stlth    ++........             m - amulet of reflection
HPRegen  0.22/turn              o - ring of wizardry
MPRegen  0.15/turn              l - ring of protection from cold

@: no status effects
A: distributed training, fangs 1, strong nose
a: no special abilities


You were on level 8 of the Dungeon.
You were not hungry.

You visited 1 branch of the dungeon, and saw 8 of its levels.
You also visited: Sewer.

You collected 428 gold pieces.

Inventory:

Hand Weapons
 a - a +3 quarterstaff (weapon)
 H - a +2 quarterstaff of chaos
Missiles
 j - 12 boomerangs (quivered)
 t - 7 silver javelins
 F - 17 stones
Armour
 e - a +0 helmet (worn)
 w - a +0 scale mail (worn)
 B - a +0 buckler
 C - a +0 chain mail
 D - a +0 pair of gloves (worn)
 I - a +2 cloak (worn)
Jewellery
 l - a ring of protection from cold (right hand)
 m - an amulet of reflection (around neck)
 o - a ring of wizardry (left hand)
 x - an uncursed ring of positive energy {unknown}
 z - an uncursed ring of protection from fire {unknown}
 A - a cursed -4 ring of evasion {unknown}
Scrolls
 b - 5 scrolls of teleportation
 d - a scroll of holy word {unknown}
 g - a scroll of immolation
 h - a scroll of amnesia
 n - 5 scrolls of remove curse
 p - a scroll of enchant weapon
 q - 2 scrolls of magic mapping {unknown}
 y - a scroll of fear
 G - 2 scrolls of identify
Potions
 c - 3 potions of curing
 i - 2 potions of flight
 k - 3 potions of lignification
 r - a potion of magic
 s - 3 potions of stabbing
 v - a potion of mutation {unknown}
 E - a potion of heal wounds {unknown}
Comestibles
 f - 13 rations


   Skills:
 + Level 6.6 Fighting
 + Level 4.7 Short Blades
 + Level 4.7 Long Blades
 + Level 4.7 Axes
 + Level 4.7 Maces & Flails
 + Level 4.7 Polearms
 + Level 8.2 Staves
 + Level 4.7 Slings
 + Level 4.7 Bows
 + Level 5.4 Crossbows
 + Level 4.7 Throwing
 + Level 5.4 Armour
 + Level 4.7 Dodging
 + Level 5.3 Stealth
 + Level 4.7 Shields
 + Level 4.7 Unarmed Combat
 + Level 4.7 Spellcasting
 + Level 3.9 Conjurations
 + Level 3.9 Hexes
 + Level 3.9 Charms
 + Level 3.9 Summonings
 + Level 3.9 Necromancy
 + Level 3.9 Translocations
 + Level 3.9 Transmutations
 + Level 3.9 Fire Magic
 + Level 3.9 Ice Magic
 + Level 3.9 Air Magic
 + Level 3.9 Earth Magic
 + Level 3.9 Poison Magic
 + Level 5.2 Invocations
 + Level 6.6 Evocations


You had 17 spell levels left.
You knew the following spells:

 Your Spells              Type           Power        Failure   Level  Hunger
a - Sandblast             Erth           ##....       4%          1    None

Your spell library contained the following spells:

 Spells                   Type           Power        Failure   Level  Hunger
 Passwall                 Tmut/Erth      ##......     7%          2    ##.....
 Stone Arrow              Conj/Erth      ##....       13%         3    ###....
 Petrify                  Tmut/Erth      ##......     38%         4    ####...
 Lee's Rapid Deconstruct  Erth           ##........   73%         5    ######.


Dungeon Overview and Level Annotations

Branches:
Dungeon (8/15)             Temple (0/1) D:5           Sewer (visited)
   Lair: D:8-11

Altars:
Gozag
Makhleb
Wu Jian

Shops:
D:5 *


Innate Abilities, Weirdness & Mutations

Your experience applies equally to all skills.
You have very sharp teeth.
Your uncanny sense of smell can sniff out nearby items.


Message History

The porcupine bites you.
You barely miss the porcupine. The porcupine closely misses you.
You hit the porcupine.
The porcupine is lightly wounded.
The porcupine bites you!
You are struck by the porcupine's spines.
* * * LOW HITPOINT WARNING * * *
You hit the porcupine.
The porcupine is heavily wounded.
The porcupine bites you!
* * * LOW HITPOINT WARNING * * *
The porcupine completely misses you.
Okay, then.
You are struck by the porcupine's spines.
* * * LOW HITPOINT WARNING * * *
You hit the porcupine.
The porcupine is severely wounded.
The porcupine bites you but does no damage.
You are struck by the porcupine's spines.
You die... #................#..
P.P.P

#................#.. #...P..
#................#..
∆#...Pr..
##'####..........#.. #.....Z.
#...#########...#..
.P.P...#####..##.....##...##.
P.P.....##≈###.......##...##.
P.......'._⌠##.......#......
#....'.r@##.......#......
#...######........#......
#..#####..........#......
#....#............#......
+....#............#......
#....##...##.....##......
#....##...##.....##......
##....#............#......
#..<..#.....(......#......


You could see a porcupine.

Vanquished Creatures
  A troll (D:8)
  A porcupine (D:8)
  2 ice beasts
  4 orc warriors
  A sky beast (D:5)
  4 ogres
  A black bear (D:8)
  A necrophage (D:7)
  2 centaurs
  A crocodile (Sewer)
  2 bullfrogs
  A scorpion (D:7)
  5 killer bees (D:7)
  A howler monkey (D:7)
  A crimson imp (D:6)
  A bullfrog skeleton (D:5)
  2 centaur zombies
  5 orc priests
  3 hounds
  2 jellies
  3 centaur skeletons
  Crazy Yiuf (D:7)
  3 orc wizards
  An iguana (D:5)
  4 worker ants
  A worker ant zombie (D:8)
  19 gnolls
  10 adders
  A river rat (D:5)
  An ooze (D:1)
  An adder skeleton (D:4)
  2 adder zombies (D:6)
  4 worms (D:3)
  A dart slug (D:1)
  5 leopard geckos
  18 orcs
  A ball python (D:1)
  5 bats
  10 giant cockroaches
  5 goblins
  8 hobgoblins
  10 jackals
  5 quokkas
  A ball python skeleton (D:6)
  2 frilled lizards
  A jackal skeleton (D:7)
  A jackal zombie (D:5)
  9 kobolds
  8 rats
182 creatures vanquished.

Vanquished Creatures (others)
  4 fungi (D:8)
4 creatures vanquished.

Grand Total: 186 creatures vanquished

Notes
Turn   | Place    | Note
-------+----------+-------------------------------------------
     0 | D:1      | xccam the Gnoll Wanderer began the quest for the Orb.
     0 | D:1      | xccam set off with the following items: a +2 quarterstaff,
                  | a scroll of teleportation, a potion of curing, a +0 robe, a
                  | ration
     0 | D:1      | Reached XP level 1. HP: 20/20 MP: 3/3
   118 | D:1      | Reached XP level 2. HP: 18/26 MP: 5/5
   980 | D:1      | Reached XP level 3. HP: 27/31 MP: 6/6
  1187 | D:2      | Reached skill level 1 in Invocations
  1483 | D:2      | Reached skill level 1 in Short Blades
  1483 | D:2      | Reached skill level 1 in Long Blades
  1483 | D:2      | Reached skill level 1 in Axes
  1483 | D:2      | Reached skill level 1 in Maces & Flails
  1483 | D:2      | Reached skill level 1 in Polearms
  1483 | D:2      | Reached skill level 1 in Slings
  1483 | D:2      | Reached skill level 1 in Bows
  1483 | D:2      | Reached skill level 1 in Throwing
  1483 | D:2      | Reached skill level 1 in Dodging
  1483 | D:2      | Reached skill level 1 in Shields
  1483 | D:2      | Reached skill level 1 in Unarmed Combat
  1483 | D:2      | Reached skill level 1 in Spellcasting
  1854 | D:2      | Reached XP level 4. HP: 38/38 MP: 7/7
  1879 | D:2      | Reached skill level 1 in Conjurations
  1879 | D:2      | Reached skill level 1 in Hexes
  1879 | D:2      | Reached skill level 1 in Charms
  1879 | D:2      | Reached skill level 1 in Summonings
  1879 | D:2      | Reached skill level 1 in Necromancy
  1879 | D:2      | Reached skill level 1 in Translocations
  1879 | D:2      | Reached skill level 1 in Transmutations
  1879 | D:2      | Reached skill level 1 in Fire Magic
  1879 | D:2      | Reached skill level 1 in Ice Magic
  1879 | D:2      | Reached skill level 1 in Air Magic
  1879 | D:2      | Reached skill level 1 in Earth Magic
  1879 | D:2      | Reached skill level 1 in Poison Magic
  2267 | D:3      | Reached XP level 5. HP: 27/43 MP: 8/8
  2654 | D:4      | Noticed an ogre
  2664 | D:4      | Killed an ogre
  2664 | D:4      | Reached XP level 6. HP: 18/50 MP: 9/9
  3090 | D:3      | Reached skill level 5 in Fighting
  3090 | D:3      | Reached skill level 5 in Evocations
  4042 | D:4      | Reached XP level 7. HP: 52/56 MP: 10/10
  4382 | D:4      | Reached skill level 7 in Staves
  4667 | D:5      | Entered Level 5 of the Dungeon
  4969 | D:5      | Found a staircase to the Ecumenical Temple.
  5020 | D:5      | Found a glowing drain.
  5025 | D:5      | Reached XP level 8. HP: 63/63 MP: 12/12
  5031 | D:5      | Found Qaogokok's General Store.
  5045 | Sewer    | Entered a sewer
  5972 | D:5      | Found an opulent altar of Gozag.
  7280 | D:6      | Learned a level 1 spell: Sandblast
  7556 | D:6      | Reached XP level 9. HP: 69/69 MP: 14/14
  8356 | D:7      | Reached skill level 5 in Crossbows
  8356 | D:7      | Reached skill level 5 in Armour
  8746 | D:7      | Found a runed translucent door.
  8747 | D:7      | Noticed Crazy Yiuf
  8834 | D:7      | Reached skill level 5 in Stealth
  9017 | D:7      | Killed Crazy Yiuf
  9162 | D:8      | Noticed a troll
  9174 | D:8      | Killed a troll
  9174 | D:8      | Reached skill level 8 in Staves
  9431 | D:8      | Reached skill level 5 in Invocations
  9531 | D:8      | Found a burning altar of Makhleb.
  9531 | D:8      | Found an ornate altar of the Wu Jian Council.
  9543 | D:8      | Reached XP level 10. HP: 61/77 MP: 15/17
  9559 | D:8      | Impaled on a porcupine's spines

Illustrated notes

Levels and vault maps discovered:
D:1:      minmay_arrival_arboretum_small, layout_basic
D:2:      layout_loops_corners
D:3:      layout_loops_cross, st_stairs_14
D:4:      layout_loops_ring, first_ration
D:5:      layout_gridville, kennysheep_little_box,
          minmay_temple_entry_overgrown, serial_shops, shop,
          portal_sewer_entry_c
D:6:      layout_loops_corners, st_stairs_1
D:7:      layout_basic, uniq_crazy_yiuf_cottage
D:8:      layout_gridville, grunt_temple_overflow_diamond,
          gammafunk_temple_overflow_wave, grunt_lair_entry_orc_guard_hut,
          serial_shops, nicolae_shop_window_shopping

Skill      XL: |  1  2  3  4  5  6  7  8  9 |
---------------+----------------------------+-----
Invocations    | 1 2 3 4 5 |  5.2
Short Blades   | 1 2 3 4 |  4.7
Long Blades    | 1 2 3 4 |  4.7
Axes           | 1 2 3 4 |  4.7
Maces & Flails | 1 2 3 4 |  4.7
Polearms       | 1 2 3 4 |  4.7
Slings         | 1 2 3 4 |  4.7
Bows           | 1 2 3 4 |  4.7
Throwing       | 1 2 3 4 |  4.7
Dodging        | 1 2 3 4 |  4.7
Shields        | 1 2 3 4 |  4.7
Unarmed Combat | 1 2 3 4 |  4.7
Spellcasting   | 1 2 3 4 |  4.7
Conjurations   | 1 2 3 |  3.9
Hexes          | 1 2 3 |  3.9
Charms         | 1 2 3 |  3.9
Summonings     | 1 2 3 |  3.9
Necromancy     | 1 2 3 |  3.9
Translocations | 1 2 3 |  3.9
Transmutations | 1 2 3 |  3.9
Fire Magic     | 1 2 3 |  3.9
Ice Magic      | 1 2 3 |  3.9
Air Magic      | 1 2 3 |  3.9
Earth Magic    | 1 2 3 |  3.9
Poison Magic   | 1 2 3 |  3.9
Crossbows      | 3 4 5 |  5.4
Armour         | 3 4 5 |  5.4
Stealth        | 3 4 5 |  5.3
Fighting       | 5 6 |  6.6
Evocations     | 5 6 |  6.6
Staves         | 7 8 |  8.2

Action                   |  1- 3 |  4- 6 |  7- 9 | 10-12 || total
-------------------------+-------+-------+-------+-------++-------
Melee: Quarterstaff      |    63 |   136 |   348 |    16 ||   563
       Bite              |     1 |    19 |    41 |     3 ||    64
Throw: Boomerang         |    16 |    17 |    50 |       ||    83
 Cast: Sandblast         |       |       |    12 |       ||    12
  Use: Scroll            |       |       |     7 |       ||     7
       Potion            |       |       |     6 |       ||     6
 Stab: Sleeping          |     3 |     4 |     1 |       ||     8
       Distracted        |       |     1 |       |       ||     1
  Eat: Chunk             |     3 |     7 |    14 |       ||    24
       Ration            |       |       |     1 |       ||     1
Armor: Robe              |    23 |       |       |       ||    23
       Leather armour    |     1 |    17 |       |       ||    18
       Scale mail        |       |       |   114 |    11 ||   125
       Skin              |       |       |     4 |       ||     4
Dodge: Dodged            |    29 |    60 |   160 |    17 ||   266
Block: Other             |     1 |    31 |    53 |     6 ||    91
